 Dungeon Crawl Stone Soup version 0.31.0-12-g77e489cdc1 (webtiles) character file.

Game seed: 1334558792171586554

17899 Marvel the Basher (level 12, -16/184 HPs)
             Began as a Troll Berserker on Mar 3, 2024.
             Was a High Priest of Trog.
             Demolished by an orc warrior
             ... wielding a +0 glaive
             ... led by an orc knight
              (17 damage)
             ... on level 2 of the Orcish Mines.
             The game lasted 00:32:12 (9237 turns).

Marvel the Basher (Troll Berserker)                 Turns: 9237, Time: 00:32:13

Health: -16/184    AC:  7    Str: 32    XL:     12   Next: 22%
Magic:  11/11      EV: 12    Int:  3    God:    Trog [*****.]
Gold:   809        SH:  0    Dex:  9    Spells: 11/11 levels left

rFire   . . .        T - +3 giant spiked club of Agauneinn {heavy, rF- Will++}
rCold   . . .        (shield currently unavailable)
rNeg    + . .        k - +2 robe {rF+}
rPois   .            A - +1 hat of Apaor {^Drain rElec rN+ rCorr}
rElec   +            (no cloak)
rCorr   +            (gloves unavailable)
SInv    .            (boots unavailable)
Will    ++...        g - amulet of regeneration Stlth
                     (no ring)
HPRegen 2.10/turn    (no ring)
MPRegen 0.12/turn

%: no passive effects
@: berserking (expiring), very quick
A: large, unfitting armour, claws 3, regeneration 1, shaggy fur 1, tough skin 1
a: Renounce Religion, Berserk, Trog's Hand, Brothers in Arms


You were on level 2 of the Orcish Mines.
You worshipped Trog.
Trog was extremely pleased with you.
You visited 3 branches of the dungeon, and saw 13 of its levels.

You collected 809 gold pieces.

Inventory:

Hand Weapons
 a - a +0 mace
 c - the +3 flail of Debt {venom, ^Fragile rElec rCorr Dex+2}
   (You found it on level 1 of the Lair of Beasts)

   Dex+2:     It affects your dexterity (+2).
   rElec:     It insulates you from electricity.
   rCorr:     It protects you from acid and corrosion.
   ^Fragile:  It will be destroyed if unequipped.
 m - a +0 dagger of venom
 o - a +3 flail of draining
 G - the +1 hand axe of Corporal Punishment {venom, Int+5}
   (You found it on level 7 of the Dungeon)

   Int+5:     It affects your intelligence (+5).
 T - the +3 giant spiked club of Agauneinn (weapon) {heavy, rF- Will++}
   (Trog gifted it to you on level 1 of the Orcish Mines)

   rF-:       It makes you vulnerable to fire.
   Will++:    It greatly increases your willpower.
Missiles
 e - 5 atropa-tipped darts
 y - 23 poisoned darts (quivered)
 M - a throwing net
Armour
 b - a +1 animal skin
 k - a +2 robe of fire resistance (worn)
 A - the +1 hat of Apaor (worn) {^Drain rElec rN+ rCorr}
   (You acquired it on level 5 of the Dungeon)

   rElec:     It insulates you from electricity.
   rN+:       It protects you from negative energy.
   rCorr:     It protects you from acid and corrosion.
   ^Drain:    It drains your maximum health when unequipped.
Jewellery
 g - an amulet of regeneration (around neck)
 H - a ring of ice
 I - a ring of fire
 K - a ring of resist corrosion
 O - an amulet of magic regeneration
 S - a ring of ice
Wands
 C - a wand of flame (33)
 Q - a wand of charming (6)
Scrolls
 f - 7 scrolls of revelation {unknown}
 i - 4 scrolls of fear {unknown}
 j - 3 scrolls of poison {unknown}
 l - 8 scrolls of torment {unknown}
 n - 3 scrolls of amnesia {unknown}
 u - a scroll of noise {unknown}
 v - 4 scrolls of vulnerability
 w - a scroll of teleportation {unknown}
 x - a scroll of butterflies {unknown}
 z - 2 scrolls of enchant armour
 F - a scroll of fog
 L - 2 scrolls of blinking
 P - 2 scrolls of immolation {unknown}
 R - a scroll of identify
Potions
 d - 6 potions of curing
 h - 2 potions of lignification
 p - 2 potions of magic
 q - 6 potions of brilliance
 r - a potion of ambrosia
 s - 4 potions of degeneration
 t - 3 potions of haste
 B - 3 potions of cancellation
 D - a potion of invisibility
 E - a potion of heal wounds
 J - a potion of enlightenment
 N - a potion of mutation


   Skills:
 + Level 9.2 Fighting
 + Level 13.4 Maces & Flails
 + Level 2.5 Throwing
 + Level 8.3 Dodging
 - Level 0.3 Stealth


You had 11 spell levels left.
You didn't know any spells.
Your spell library was empty.

Dungeon Overview and Level Annotations

Branches:
Dungeon (9/15)             Temple (0/1) D:7            Lair (2/5) D:9
 Shoals (0/4) Lair:2       Spider (0/4) Lair:2          Orc (2/2) D:9
    Elf: Orc:2

Altars:
Elyvilon
Hepliaklqana
Kikubaaqudgha

Shops:
D:2 [   D:4 :   D:7 (


Innate Abilities, Weirdness & Mutations

You are too large for most types of armour.
You have claws for hands.
Your natural rate of healing is unusually fast.
You are covered in fur. (AC +1)
You have tough skin. (AC +1)


Message History

An orc priest comes into view. It is wielding a +0 dagger.
An orc wizard comes into view. It is wielding a +0 dagger.
The orc wizard mumbles some strange words.
The orc wizard flickers and vanishes!
Deactivating autopickup; reactivate with Ctrl-A.
The orc warrior hits you from afar with a +0 glaive!
The orc warrior hits you from afar with a +0 trident!
The orc knight barely misses you.
You hear a shout!
You see here a poisoned dart.
The orc wizard shouts!
The orc priest shouts!
An orc wizard comes into view. It is wielding a +0 dagger.
The orc warrior closely misses you.
The orc warrior hits you from afar with a +0 glaive!!
The orc warrior hits you but does no damage.
The orc knight roars a battlecry!
The orcs go into a battle-frenzy!
You puncture the orc knight!
The orc knight is lightly wounded.
The orc priest miscasts a cantrip.
The orc wizard mumbles some strange words.
The orc wizard flickers and vanishes!
The orc warrior barely misses you.
The orc warrior hits you from afar with a +0 glaive!!
The orc warrior hits you with a +0 trident!!
The orc knight hits you with a +2 bardiche of distortion!
Space warps around you.
You barely miss the orc knight.
The orc knight is lightly wounded.
The orc warrior misses you.
The orc warrior hits you from afar with a +0 glaive!!
* * * LOW HITPOINT WARNING * * *
The orc warrior hits you with a +0 trident!!
* * * LOW HITPOINT WARNING * * *
The orc knight completely misses you.
You barely miss the orc knight.
The orc knight is lightly wounded.
The orc warrior hits you with a +0 flail!
* * * LOW HITPOINT WARNING * * *
The orc warrior hits you from afar with a +0 glaive!
You die...

................ ...
.{......... ....
.#{......# ...
.....#o.o.#...# .. .
.....#........#.. ..
#....(........#.....
#.....(..#o.......
#..(@o...#.# #
##..(o....#...#
###.o.<.....#
###.....### ###..##
###


You could see an orc knight, 3 orc warriors, an orc priest (strong) and an orc
wizard.

Vanquished Creatures
  5 death yaks (D:8)
  A two-headed ogre (D:9)
  2 black mambas (Lair:1)
  3 cane toads
  Joseph (D:8)
  A komodo dragon (Lair:2)
  Psyche (D:8)
  A troll (Orc:1)
  2 hornets (D:8)
  Grinder (D:5)
  A snapping turtle (Lair:2)
  Sigmund (D:2)
  A vampire (D:9)
  A shadow (D:9)
  A water elemental (Lair:2)
  17 yaks
  2 wyverns (Lair:2)
  2 basilisks (Lair:2)
  A warg (D:9)
  A steam dragon (D:7)
  7 water moccasins
  3 ice beasts
  4 orc warriors
  2 black bears
  4 ogres
  19 wolves
  A centaur (D:8)
  2 kobold brigands
  3 phantoms
  11 bullfrogs
  3 gnoll sergeants
  3 scorpions
  14 wights
  A troll zombie (D:9)
  2 howler monkeys (D:9)
  10 hounds
  2 jellies
  4 orc priests
  A bombardier beetle (D:3)
  2 gnoll boudas (D:7)
  3 sleepcaps
  Jessica (D:2)
  6 iguanas
  8 orc wizards
  5 ogre zombies (D:9)
  Robin (D:2)
  14 adders
  21 gnolls
  3 ufetubi (D:7)
  2 dart slugs (D:4)
  3 ribbon worms
  38 orcs
  3 bats
  6 endoplasms
  3 giant cockroaches
  2 gnoll zombies (D:9)
  8 goblins
  7 hobgoblins
  3 quokkas
  10 ball pythons
  3 frilled lizards
  A gnoll skeleton (D:9)
  18 kobolds
  5 orc skeletons (D:9)
  11 orc zombies (D:9)
  6 rats
335 creatures vanquished.

Notes
Turn   | Place    | Note
-------+----------+-------------------------------------------
     0 | D:1      | Marvel the Troll Berserker began the quest for the Orb.
     0 | D:1      | Reached XP level 1. HP: 22/22 MP: 0/0
   188 | D:1      | Reached XP level 2. HP: 29/29 MP: 1/1
   261 | D:1      | Reached skill level 3 in Maces & Flails
   745 | D:2      | Found a hazy altar of Hepliaklqana.
   751 | D:2      | Reached ** piety under Trog
   795 | D:2      | Noticed Sigmund
   798 | D:2      | Reached XP level 3. HP: 30/36 MP: 2/2
   801 | D:2      | Noticed Robin
   807 | D:2      | Killed Sigmund
   808 | D:2      | Reached skill level 4 in Maces & Flails
   808 | D:2      | Reached XP level 4. HP: 45/45 MP: 3/3
   808 | D:2      | Reached XP level 5. HP: 53/53 MP: 4/4
   809 | D:2      | Killed Robin
   845 | D:2      | Found Urolued's Armour Boutique.
   865 | D:2      | Noticed Jessica
   873 | D:2      | Killed Jessica
  1217 | D:3      | Reached XP level 6. HP: 61/61 MP: 5/5
  1898 | D:4      | Reached *** piety under Trog
  1929 | D:4      | Found an ancient bone altar of Kikubaaqudgha.
  2005 | D:4      | Reached skill level 5 in Maces & Flails
  2063 | D:4      | Reached XP level 7. HP: 67/67 MP: 6/6
  2142 | D:4      | Found Muyrodug's Book Shoppe.
  2441 | D:5      | Entered Level 5 of the Dungeon
  2597 | D:5      | Reached skill level 6 in Maces & Flails
  2643 | D:5      | Noticed Grinder
  2654 | D:5      | Reached XP level 8. HP: 74/78 MP: 7/7
  2663 | D:5      | Paralysed by Grinder for 5 turns
  2672 | D:5      | Killed Grinder
  2885 | D:5      | Reached skill level 7 in Maces & Flails
  2885 | D:5      | Reached skill level 5 in Dodging
  2919 | D:5      | Identified a scroll of acquirement
  2919 | D:5      | Acquired the +1 hat of Apaor {^Drain rElec rN+ rCorr}
  3942 | D:6      | Reached skill level 5 in Fighting
  3942 | D:6      | Reached skill level 8 in Maces & Flails
  4148 | D:6      | Found a white marble altar of Elyvilon.
  4293 | D:6      | Reached XP level 9. HP: 67/88 MP: 8/8
  4336 | D:7      | Reached **** piety under Trog
  4350 | D:7      | Found Saikawoy's Weapon Boutique.
  4554 | D:7      | Reached skill level 9 in Maces & Flails
  4659 | D:7      | Identified the +1 hand axe of Corporal Punishment {venom,
                  | Int+5}
  4933 | D:7      | Found a staircase to the Ecumenical Temple.
  5148 | D:7      | Reached ***** piety under Trog
  5228 | D:8      | Reached XP level 10. HP: 76/97 MP: 9/9
  5269 | D:8      | Noticed Joseph
  5284 | D:8      | Reached skill level 10 in Maces & Flails
  5299 | D:8      | Killed Joseph
  5688 | D:8      | Noticed Psyche
  5696 | D:8      | Killed Psyche
  5899 | D:9      | Reached skill level 1 in Throwing
  5981 | D:9      | Noticed a death yak
  5981 | D:9      | Noticed a death yak
  5988 | D:9      | Noticed a death yak
  5995 | D:8      | Killed a death yak
  5996 | D:8      | Reached skill level 11 in Maces & Flails
  6023 | D:9      | Found a staircase to the Orcish Mines.
  6209 | D:9      | Noticed a two-headed ogre
  6230 | D:9      | Killed a two-headed ogre
  6279 | D:9      | Found a staircase to the Lair.
  6285 | D:9      | Noticed a death yak
  6298 | D:9      | Noticed a death yak
  6317 | D:8      | Killed a death yak
  6318 | D:8      | Reached XP level 11. HP: 68/110 MP: 10/10
  6347 | D:8      | Killed a death yak
  6357 | D:8      | Killed a death yak
  6400 | D:8      | Killed a death yak
  6401 | D:8      | Reached skill level 12 in Maces & Flails
  6727 | Lair:1   | Entered Level 1 of the Lair of Beasts
  6740 | Lair:1   | Identified the +3 flail of Debt {venom, ^Fragile rElec
                  | rCorr Dex+2}
  7642 | Lair:2   | Found a hole to the Spider Nest.
  7701 | Lair:2   | Reached skill level 13 in Maces & Flails
  7736 | Lair:2   | Found a staircase to the Shoals.
  7919 | Lair:2   | Reached XP level 12. HP: 114/122 MP: 11/11
  8899 | Orc:1    | Entered Level 1 of the Orcish Mines
  8916 | Orc:1    | Reached ****** piety under Trog
  8925 | Orc:1    | Identified the +3 giant spiked club of Agauneinn {heavy,
                  | rF- Will++} (Trog gifted it to you on level 1 of the Orcish
                  | Mines)
  8925 | Orc:1    | Received a gift from Trog
  9168 | Orc:2    | Entered Level 2 of the Orcish Mines
  9236 | Orc:2    | HP: 7/184 [orc warrior/+0 trident[an orc knight] (21)]
  9237 | Orc:2    | HP: 1/184 [orc warrior/+0 flail (8)]
  9237 | Orc:2    | Demolished by an orc warrior

Illustrated notes

Levels and vault maps discovered:
D:1:      mrwooster_arrival_statue_3, layout_loops_cross, minmay_octomino_j4
D:2:      layout_basic, serial_shops, nicolae_shop_statue_plus, basic_altar,
          hangedman_decor_diamond_cutter, uniq_jessica, uniq_sigmund, uniq_robin
D:3:      minmay_wonky_spiral, layout_loops_cross
D:4:      layout_gridville, mainiacjoe_overflow_small_starburst, serial_shops,
          shop, minmay_pentangle
D:5:      layout_basic, uniq_grinder
D:6:      minmay_cornered_nines, layout_layer_cave, nicolae_elyvilon_temple_path
D:7:      layout_cave_pools, minmay_temple_entry_large_hall, serial_gnoll_camp,
          gnoll_camp_huts_basic, gnoll_camp_mini_loothouse,
          gnoll_camp_mini_shop, gnoll_camp_mini_basic, minmay_joined_circles
D:8:      layout_loops_ring, uniq_psyche, uniq_joseph
D:9:      layout_rooms, dpeg_lair_monsters, zombieorc1_lemuel, kennysheep_dice
Lair:1:   layout_roguey, serial_bayou_shore_b
Lair:2:   layout_layer_cave, minmay_shoals_entry_hut, dummy_spider_entry
Orc:1:    layout_caves
Orc:2:    kennysheep_orc_mage_school, layout_caves, basic_altar

Skill      XL: |  1  2  3  4  5  6  7  8  9 10 11 12 |
---------------+-------------------------------------+-----
Maces & Flails | 3 4 5 6 8 9 11 13 | 13.4
Fighting       | 3 4 5 6 7 8 9 |  9.2
Dodging        | 3 4 5 6 7 8 |  8.3
Throwing       | 1 2 |  2.5
Stealth        | |  0.3

Action                     |  1- 3 |  4- 6 |  7- 9 | 10-12 || total
---------------------------+-------+-------+-------+-------++-------
  Melee: Mace              |    92 |    40 |       |       ||   132
         Punch             |     2 |     3 |     6 |     4 ||    15
         Flail             |       |   122 |   320 |   544 ||   986
         Giant spiked club |       |       |       |    10 ||    10
  Throw: Dart              |       |     2 |     4 |    27 ||    33
 Invoke: Berserk           |     1 |       |     2 |     4 ||     7
         Trog's Hand       |     1 |       |     1 |     2 ||     4
    Use: Scroll            |       |     3 |     1 |    14 ||    18
   Stab: Sleeping          |       |       |     1 |       ||     1
 Armour: Animal skin       |    68 |     9 |       |       ||    77
         Robe              |       |   100 |   243 |   407 ||   750
  Dodge: Dodged            |    74 |   104 |   182 |   286 ||   646
